 Dungeon Crawl Stone Soup version 0.31.0-32-g396128a36d (webtiles) character file.

Game seed: 733651503710104137

19700 RKaid the Mimic (level 12, -2/87 HPs)
             Began as an Octopode Shapeshifter on Mar 13, 2024.
             Was the Champion of Jiyva.
             Slain by a komodo dragon (17 damage)
             ... on level 3 of the Lair of Beasts on Mar 19, 2024.
             The game lasted 00:37:43 (8638 turns).

RKaid the Mimic (Octopode Shapeshifter)             Turns: 8638, Time: 00:37:44

Health: -2/87      AC:  9    Str: 16    XL:     12   Next: 71%
Magic:  21/21      EV: 20    Int: 10    God:    Jiyva [******]
Gold:   626        SH:  5    Dex: 20    Spells: 11/11 levels left

rFire   + .          .
                       - Unarmed
rCold   + . .        (shield currently unavailable)
rNeg    . . .        (helmet restricted)
rPois   .            d - amulet of reflection
rElec   +            g - ring of see invisible {sInv}
rCorr   +            r - ring of the Tortoise {AC+8}
SInv    +            y - ring of magical power {MP+9}
Will    .....        (no ring)
Stlth   +++          (no ring)
HPRegen 4.34/turn    (no ring)
MPRegen 0.97/turn    (no ring)
                     (no ring)

%: reflection
@: lethally poisoned (-2 -> -3), blade tentacles
A: almost no armour, amphibious, 8 rings, camouflage 1, gelatinous body 1,
(nimble swimmer 1), tentacles, antennae 2, tentacle spike 1, agile 2,
regeneration 3, eyeballs 1, tendrils, jelly sensing items
a: Begin Untransformation, Renounce Religion, Oozemancy, Slimify


You were on level 3 of the Lair of Beasts.
You worshipped Jiyva.
Jiyva was exalted by your worship.
You had blades for main tentacles.
You visited 2 branches of the dungeon, and saw 13 of its levels.
You also visited: Ossuary.

You collected 626 gold pieces.

Inventory:

Magical Staves
 C - a staff of alchemy
   (You found it on level 1 of the Lair of Beasts)
Jewellery
 d - an amulet of reflection (around mantle)
   (You found it on level 2 of the Dungeon)
 g - a ring of see invisible (left blade tentacle) {sInv}
   (You found it on level 1 of the Dungeon)
 q - an amulet of guardian spirit
   (You found it on level 5 of the Dungeon)
 r - the ring of the Tortoise (right blade tentacle) {AC+8}
   (You found it on level 5 of the Dungeon)

   [ring of protection]

   AC+8:      It affects your AC (+8).
 y - a ring of magical power (on tentacle) {MP+9}
   (You found it on level 10 of the Dungeon)
Talismans
 b - a beast talisman
 c - a flux talisman
 f - a serpent talisman
   (You found it on level 5 of the Dungeon)
 p - a maw talisman
   (You found it on level 5 of the Dungeon)
 x - the blade talisman "Isobohih" (active) {rElec rF+ rC+}
   (You found it on level 8 of the Dungeon)

   [blade talisman]

   rF+:       It protects you from fire.
   rC+:       It protects you from cold.
   rElec:     It insulates you from electricity.
Wands
 m - a wand of flame (19)
   (You took it off Ijyb on level 3 of the Dungeon)
 u - a wand of mindburst (16)
   (You found it on level 6 of the Dungeon)
 E - a wand of polymorph (5)
   (You found it on level 2 of the Lair of Beasts)
Scrolls
 i - a scroll of identify
 k - a scroll of poison {unknown}
 n - 2 scrolls of enchant weapon
 o - a scroll of enchant armour {unknown}
 t - 2 scrolls of teleportation
 v - 5 scrolls of silence
 B - a scroll of amnesia {unknown}
 F - a scroll of revelation
 I - 3 scrolls of immolation {!r}
Potions
 a - 2 potions of lignification {!q}
 e - a potion of curing {unknown}
 j - 2 potions of enlightenment
 l - 2 potions of invisibility {unknown}
 w - 3 potions of mutation {!q!q}
 z - 2 potions of might
 A - a potion of haste {unknown}
 D - a potion of degeneration {unknown}
 G - a potion of attraction {unknown}
 H - a potion of brilliance
Miscellaneous
 s - a tin of tremorstones (2/2)
   (You found it on level 1 of the Lair of Beasts)


   Skills:
 + Level 9.6 Fighting
 + Level 9.8 Dodging
 + Level 10.0 Unarmed Combat
 * Level 12.1 Shapeshifting


You had 11 spell levels left.
You didn't know any spells.
Your spell library contained the following spells:

 Spells                   Type           Power      Damage    Failure   Level
 Sandblast                Erth           0%         2d4       36%         1
 Anguish                  Hex/Necr       0%         N/A       98%         4
 Cause Fear               Hex            0%         N/A       98%         4
 Enfeeble                 Hex            0%         N/A       100%        7
 Lehudib's Crystal Spear  Conj/Erth      0%         10d2      100%        8
 Shatter                  Erth           0%         3d5*      100%        9


Dungeon Overview and Level Annotations

Branches:
Dungeon (10/15)            Temple (0/1) D:4            Lair (3/5) D:9
  Swamp (0/4) Lair:3       Spider (0/4) Lair:3      Ossuary (visited)
    Orc: D:9-12

Altars:
Cheibriados
Elyvilon
Fedhas
Gozag
Hepliaklqana
Kikubaaqudgha
Makhleb
Okawaru
Qazlal
Sif Muna
Uskayaw
Xom
The Shining One
Jiyva

Shops:
D:6 =   D:9 :


Innate Abilities, Weirdness & Mutations

You have blades for main tentacles.
You are incapable of wielding weapons or throwing items.
You cannot wear most types of armour.
You are amphibious.
You can wear up to eight rings at the same time.
Your skin changes colour to match your surroundings (Stealth+).
Your rubbery body absorbs attacks. (AC +1, EV +1)
((You are camouflaged when in or above water. (Stealth+)))
You have tentacles for arms and can constrict up to eight enemies at once.
You have a pair of antennae on your head.
One of your tentacles bears a spike.
You are very agile. (Dex +8, Str/Int -2)
You regenerate.
Your body has grown eyes which may confuse attackers. (Acc +3)
You are covered in slimy tendrils that may disarm your opponents.
You have a small jelly attached to you that senses nearby items.


Message History

The killer bee poisons you!
The eyeballs on your body gaze at the killer bee.
A komodo dragon comes into view.
The killer bee completely misses you.
The killer bee buzzes angrily.
You slice the killer bee!!
You kill the killer bee!
You feel sick. The killer bee barely misses you.
The eyeballs on your body gaze at the killer bee.
You feel sick. The killer bee misses you.
You closely miss the killer bee. Your grab misses the killer bee.
You pierce the killer bee.
You slash the killer bee. You squeeze the killer bee.
You feel sick.
The killer bee stings you but does no damage.
The killer bee misses you. The killer bee closely misses you.
You miss the killer bee. You grab the killer bee.
You pierce the killer bee, but do no damage.
You constrict the killer bee.
You feel sick. The killer bee closely misses you. x2
The killer bee barely misses you.
The killer bee misses the killer bee.
The killer bee closely misses you.
You release your grip on the killer bee.
You feel sick.
You closely miss the killer bee. You grab the killer bee.
You constrict the killer bee.
You feel sick. The meliai hits you with a +0 war axe!
You block the meliai's attack.
Your tendrils lash around the meliai's +0 war axe and pull it to the ground!
The killer bee misses you. x2; The meliai completely misses you.
The meliai misses you.
The komodo dragon hisses menacingly.
You slice the killer bee!!
You kill the killer bee!
You feel sick. The killer bee misses you.
The killer bee stings the killer bee!
The meliai hits you! The meliai stings you. The killer bee closely misses you.
The killer bee stings the komodo dragon.
The killer bee misses you. The meliai hits you. The meliai misses you.
You slash the killer bee!
You kill the killer bee!
You block the killer bee's attack. The meliai misses you.
The meliai closely misses you.
You hit the meliai. You grab the meliai.
You constrict the meliai, but do no damage.
You feel sick.
The killer bee seems less confused.
The killer bee closely misses you. The killer bee stings you.
You block the meliai's attack. The meliai completely misses you.
The killer bee barely misses you. The killer bee stings you!
You are more poisoned.
The killer bee poisons you! The meliai misses you. The meliai stings you.
You are more poisoned.
The meliai poisons you!
Okay, then.
Okay, then.
A thick mucus forms on your blade tentacles.
You constrict the meliai.
You feel very sick. The killer bee completely misses you.
The killer bee stings you.
The meliai mumbles some strange prayers to its god against you.
Something smites you!
The komodo dragon hisses menacingly.
The killer bee stings you. The killer bee closely misses you.
You block the meliai's attack.
The meliai stings you but does no damage.
You feel much better.
You constrict the meliai.
You feel very sick. The killer bee stings you! The killer bee misses you.
You block the meliai's attack. The meliai closely misses you.
The killer bee closely misses you. x2; The meliai misses you.
The meliai stings you but does no damage.
You lose your grip on the slime creature.
The meliai quivers uncontrollably and liquefies into a slime creature!
You feel very sick. The killer bee stings you.
You block the killer bee's attack.
The komodo dragon barely misses the slime creature.
You hear a slurping noise.
The killer bee barely misses you. The killer bee stings you.
You slash the killer bee! You grab the killer bee.
You pierce the killer bee.
Your squeeze misses the killer bee.
You constrict the killer bee, but do no damage.
You feel sick. The killer bee closely misses you. x2
You hit the killer bee.
You pierce the killer bee.
You constrict the killer bee.
You kill the killer bee!
You feel very sick. The killer bee stings you.
The killer bee closely misses you. You block the komodo dragon's attack.
You slice the killer bee!!
You kill the killer bee!
You feel sick.
The slime creature hits the komodo dragon but does no damage.
You slice the komodo dragon!!
Your tentacle spike misses the komodo dragon.
You squeeze the komodo dragon.
You feel sick. The komodo dragon bites you!
You slash the komodo dragon!
You pierce the komodo dragon, but do no damage.
You feel sick. The komodo dragon bites you!!
* * * LOW HITPOINT WARNING * * *
You shudder from the blow and a jelly pops out!
You feel sick.
The komodo dragon attacks as it pursues you!
The komodo dragon bites you!
You die...

#. #).........## ##.. ###
###.P+..### ##...##P#
###(.## #.......#
#####P.+## ........#
#....÷÷..## # ##......##
#.........#.# ##.......##
#............
..##...JJl#####........+.##
....#...#.@..##.........#..
##..#..y###...##..<.....###
..#..#=.# ##..##.>.....##
>###.#... #....'.......##
..#..#### #.###.........#
##..#.# ### #..##'#####
....#. #####.P# ..##.. ∆
###.##### ###..'†...#


You could see a komodo dragon (ally target), a neutral slime creature
(wandering) (fellow slime) and a friendly quicksilver ooze (summoned).

Vanquished Creatures
  Kirke (Lair:3)
  2 hydras
  A lindwurm (Lair:2)
  2 bog bodies (Lair:3)
  5 cane toads
  2 black mambas (Lair:3)
  Maggie (D:9)
  A kobold demonologist (D:10)
  A rime drake (Lair:1)
  3 komodo dragons (Lair:1)
  2 trolls
  13 blink frogs
  2 polar bears
  2 dream sheep (D:10)
  A shadow (D:8)
  A wraith (D:9)
  A vampire (D:10)
  A steam dragon (Lair:1)
  14 yaks
  A wyvern (Lair:1)
  3 hogs (Lair:3)
  8 water moccasins
  2 ice beasts (D:7)
  An orc warrior (D:9)
  A black bear (Lair:3)
  3 sky beasts
  A wolf (Lair:1)
  A centaur (D:10)
  A phantom (D:5)
  5 kobold brigands
  8 bullfrogs
  2 scorpions
  A burial acolyte (Ossuary)
  4 water moccasin zombies (Ossuary)
  8 wights
  10 killer bees
  4 electric eels
  3 howler monkeys
  3 orc priests
  A bombardier beetle (D:6)
  A gnoll bouda (D:8)
  A hound (D:6)
  A sleepcap (D:8)
  Ijyb (D:3)
  6 iguanas
  4 orc wizards
  A crocodile zombie (Ossuary)
  2 mummies (Ossuary)
  5 adders
  A gnoll (D:8)
  A shadow imp (D:6)
  2 white imps
  2 ufetubi (D:7)
  An adder zombie (Ossuary)
  2 dart slugs
  3 ribbon worms
  19 orcs
  5 bats
  A giant cockroach (D:3)
  4 goblins
  8 hobgoblins
  3 quokkas
  3 ball pythons
  2 frilled lizards
  8 gnoll zombies (Ossuary)
  6 jackal zombies (Ossuary)
  10 kobolds
  3 orc zombies (Ossuary)
  6 rats
239 creatures vanquished.

Vanquished Creatures (collateral kills)
  A catoblepas (Lair:1)
  A two-headed ogre (D:8)
  A water moccasin (Lair:3)
  A black bear (D:5)
  2 phantoms (D:5)
  An electric eel (D:7)
  A bullfrog simulacrum (Ossuary)
  2 gnolls (D:8)
10 creatures vanquished.

Vanquished Creatures (others)
  A human (Lair:3)
  A water moccasin (Lair:1)
  A kobold brigand (D:9)
  A bullfrog (Lair:1)
  2 wights
  21 jellies
  An electric eel (D:7)
  2 bombardier beetles
  A hound (D:4)
  An orc priest (D:3)
  A dart slug (D:1)
  4 orcs
  An endoplasm (D:3)
  A giant cockroach (D:1)
  10 kobolds
  2 rats
51 creatures vanquished.

Grand Total: 300 creatures vanquished

Notes
Turn   | Place    | Note
-------+----------+-------------------------------------------
     0 | D:1      | RKaid the Octopode Shapeshifter began the quest for the
                  | Orb.
     0 | D:1      | Reached XP level 1. HP: 13/13 MP: 1/1
     4 | D:1      | You fall into a shaft and drop 1 floor!
    77 | D:1      | Found a faded altar of an unknown god.
    87 | D:1      | Prayed at the altar of an unknown god.
    87 | D:1      | Became a worshipper of Jiyva Jufoh the Shapeless
    87 | D:1      | Reached * piety under Jiyva
   166 | D:1      | Reached XP level 2. HP: 17/18 MP: 2/2
   599 | D:2      | Reached XP level 3. HP: 22/23 MP: 3/3
   630 | D:2      | Reached ** piety under Jiyva
   937 | D:3      | Found a shimmering blue altar of Sif Muna.
  1029 | D:3      | Reached XP level 4. HP: 26/29 MP: 4/4
  1029 | D:3      | Found an opulent altar of Gozag.
  1226 | D:3      | Reached *** piety under Jiyva
  1315 | D:3      | Noticed Ijyb
  1329 | D:3      | Killed Ijyb
  1330 | D:3      | Reached skill level 2 in Fighting
  1466 | D:4      | Gained mutation: Your mind is acute. (Int +4, Str/Dex -1)
                  | [Jiyva's grace]
  1466 | D:4      | Gained mutation: Your mind is very acute. (Int +8, Str/Dex
                  | -2) [Jiyva's grace]
  1466 | D:4      | Gained mutation: You are covered in slimy tendrils that may
                  | disarm your opponents. [Jiyva's grace]
  1466 | D:4      | Gained mutation: You are agile. (Dex +4, Str/Int -1)
                  | [Jiyva's grace]
  1685 | D:4      | Reached **** piety under Jiyva
  1935 | D:4      | Found a staircase to the Ecumenical Temple.
  2114 | D:4      | Reached ***** piety under Jiyva
  2248 | D:5      | Entered Level 5 of the Dungeon
  2254 | D:5      | Noticed a phantom
  2268 | D:5      | Noticed a phantom
  2289 | D:5      | Noticed a black bear
  2295 | D:5      | Killed a phantom
  2296 | D:5      | Reached skill level 3 in Dodging
  2296 | D:5      | Reached XP level 5. HP: 31/35 MP: 5/5
  2298 | D:5      | Killed a phantom
  2299 | D:5      | Reached skill level 4 in Unarmed Combat
  2299 | D:5      | Reached skill level 4 in Shapeshifting
  2299 | D:5      | Reached XP level 6. HP: 41/41 MP: 6/6
  2299 | D:5      | Killed a black bear
  2300 | D:5      | Reached skill level 3 in Fighting
  2561 | D:5      | Reached skill level 4 in Dodging
  2561 | D:5      | Reached XP level 7. HP: 46/46 MP: 7/7
  2561 | D:5      | Gained mutation: One of your tentacles bears a spike.
                  | [Jiyva's grace]
  2561 | D:5      | Gained mutation: One of your tentacles bears a nasty spike.
                  | [Jiyva's grace]
  2561 | D:5      | Gained mutation: One of your tentacles bears a large
                  | vicious spike. [Jiyva's grace]
  2561 | D:5      | Gained mutation: Armour fits poorly on your pseudopods.
                  | [Jiyva's grace]
  2613 | D:5      | Found the ring of the Tortoise {AC+8}
  2830 | D:5      | Found a hide-covered altar of Uskayaw.
  2848 | D:5      | Found a stormy altar of Qazlal.
  2863 | D:5      | Found a glowing golden altar of the Shining One.
  2894 | D:5      | Found a shimmering altar of Xom.
  3035 | D:6      | Reached skill level 5 in Unarmed Combat
  3068 | D:6      | Found an ancient bone altar of Kikubaaqudgha.
  3070 | D:6      | Found a blossoming altar of Fedhas.
  3101 | D:6      | Reached skill level 4 in Fighting
  3197 | D:6      | Found a sand-covered staircase.
  3207 | Ossuary  | Entered an ossuary
  3215 | Ossuary  | Reached skill level 5 in Shapeshifting
  3215 | Ossuary  | Reached XP level 8. HP: 54/54 MP: 8/8
  3320 | Ossuary  | Reached skill level 5 in Dodging
  3577 | D:6      | Found Myischogu's Jewellery Shop.
  3711 | D:7      | Reached skill level 6 in Shapeshifting
  3827 | D:7      | Reached ****** piety under Jiyva
  3835 | D:7      | Reached skill level 5 in Fighting
  4073 | D:7      | Reached skill level 6 in Unarmed Combat
  4124 | D:7      | Reached XP level 9. HP: 61/61 MP: 9/9
  4133 | D:7      | Found a hazy altar of Hepliaklqana.
  4405 | D:7      | Lost mutation: You are agile. (Dex +4, Str/Int -1) [Jiyva's
                  | grace]
  4405 | D:7      | Lost mutation: You are covered in slimy tendrils that may
                  | disarm your opponents. [Jiyva's grace]
  4405 | D:7      | Gained mutation: You are agile. (Dex +4, Str/Int -1)
                  | [Jiyva's grace]
  4405 | D:7      | Gained mutation: You are very agile. (Dex +8, Str/Int -2)
                  | [Jiyva's grace]
  4405 | D:7      | Gained mutation: You are covered in slimy tendrils that may
                  | disarm your opponents. [Jiyva's grace]
  4405 | D:7      | Gained mutation: Your body has grown eyes which may confuse
                  | attackers. (Acc +3) [Jiyva's grace]
  4515 | D:7      | Reached skill level 6 in Dodging
  4745 | D:8      | Reached skill level 7 in Shapeshifting
  4899 | D:8      | Noticed a two-headed ogre
  4901 | D:8      | Reached skill level 6 in Fighting
  4927 | D:8      | Killed a two-headed ogre
  4928 | D:8      | Reached skill level 7 in Unarmed Combat
  4990 | D:8      | Reached skill level 8 in Shapeshifting
  5043 | D:8      | Identified the blade talisman "Isobohih" {rElec rF+ rC+}
  5166 | D:8      | Reached XP level 10. HP: 67/69 MP: 10/10
  5359 | D:9      | Found Bill's Self-Improvement Boutique.
  5378 | D:9      | Reached skill level 7 in Dodging
  5420 | D:9      | Found a staircase to the Lair.
  5474 | D:9      | Noticed Maggie
  5482 | D:9      | Killed Maggie
  5505 | D:9      | Found an iron altar of Okawaru.
  5882 | D:10     | Entered Level 10 of the Dungeon
  5951 | D:10     | Reached skill level 7 in Fighting
  6021 | D:10     | Noticed a kobold demonologist
  6025 | D:10     | Killed a kobold demonologist
  6105 | D:10     | Reached skill level 9 in Shapeshifting
  6127 | D:10     | Noticed a three-headed hydra
  6212 | D:10     | Killed a three-headed hydra
  6213 | D:10     | Reached skill level 8 in Unarmed Combat
  6273 | D:10     | Found a white marble altar of Elyvilon.
  6310 | D:10     | Found a burning altar of Makhleb.
  6390 | D:10     | Found a snail-covered altar of Cheibriados.
  6524 | Lair:1   | Entered Level 1 of the Lair of Beasts
  6533 | Lair:1   | Reached XP level 11. HP: 40/76 MP: 11/11
  6584 | Lair:1   | Reached skill level 8 in Dodging
  6628 | Lair:1   | Reached skill level 10 in Shapeshifting
  6632 | Lair:1   | Reached skill level 8 in Fighting
  6666 | Lair:1   | Noticed a six-headed hydra
  6686 | Lair:1   | HP: 18/92 [six-headed hydra (11)]
  6688 | Lair:1   | Killed a six-headed hydra
  6754 | Lair:1   | Noticed a catoblepas
  6764 | Lair:1   | Killed a catoblepas
  6887 | Lair:1   | You fall into a shaft and drop 1 floor!
  6950 | Lair:2   | Noticed a lindwurm
  6973 | Lair:2   | Lost mutation: One of your tentacles bears a large vicious
                  | spike. [Jiyva's grace]
  6973 | Lair:2   | Lost mutation: One of your tentacles bears a nasty spike.
                  | [Jiyva's grace]
  6973 | Lair:2   | Lost mutation: Your mind is very acute. (Int +8, Str/Dex
                  | -2) [Jiyva's grace]
  6973 | Lair:2   | Lost mutation: Your mind is acute. (Int +4, Str/Dex -1)
                  | [Jiyva's grace]
  6973 | Lair:2   | Lost mutation: Armour fits poorly on your pseudopods.
                  | [Jiyva's grace]
  6973 | Lair:2   | Gained mutation: You have a pair of small antennae on your
                  | head. [Jiyva's grace]
  6973 | Lair:2   | Gained mutation: You have a pair of antennae on your head.
                  | [Jiyva's grace]
  6973 | Lair:2   | Gained mutation: You have a pair of large antennae on your
                  | head. (SInv) [Jiyva's grace]
  6973 | Lair:2   | Gained mutation: You are partially covered in iridescent
                  | scales. (AC +2) [Jiyva's grace]
  7016 | Lair:2   | Got the Atlas of Amathomancy
  7062 | Lair:2   | Reached skill level 9 in Unarmed Combat
  7249 | Lair:2   | Killed a lindwurm
  7622 | Lair:1   | Reached skill level 11 in Shapeshifting
  7713 | Lair:1   | Reached skill level 9 in Dodging
  7731 | Lair:1   | Reached XP level 12. HP: 84/84 MP: 12/12
  7742 | Lair:1   | Reached skill level 9 in Fighting
  8339 | Lair:3   | Lost mutation: You have a pair of large antennae on your
                  | head. (SInv) [Jiyva's grace]
  8339 | Lair:3   | Lost mutation: You are partially covered in iridescent
                  | scales. (AC +2) [Jiyva's grace]
  8339 | Lair:3   | Gained mutation: Your natural rate of healing is unusually
                  | fast. [Jiyva's grace]
  8339 | Lair:3   | Gained mutation: You heal very quickly. [Jiyva's grace]
  8339 | Lair:3   | Gained mutation: You regenerate. [Jiyva's grace]
  8339 | Lair:3   | Gained mutation: You have a small jelly attached to you
                  | that senses nearby items. [Jiyva's grace]
  8468 | Lair:3   | Noticed Kirke
  8491 | Lair:3   | Killed Kirke
  8500 | Lair:3   | HP: 19/86 [cane toad (12)]
  8503 | Lair:3   | Reached skill level 12 in Shapeshifting
  8539 | Lair:3   | Found a staircase to the Swamp.
  8551 | Lair:3   | Reached skill level 10 in Unarmed Combat
  8619 | Lair:3   | Found a hole to the Spider Nest.
  8637 | Lair:3   | HP: 11/87 [komodo dragon (21)]
  8638 | Lair:3   | Slain by a komodo dragon

Illustrated notes

Levels and vault maps discovered:
D:1:      dpeg_arrival_tiny_a, layout_rooms, ebering_ecumenical_altar_box
D:2:      layout_rooms
D:3:      layout_basic, nicolae_overflow_hidden_temple, old_standard_altar,
          minmay_misc_feat_doors, dreamdust_wishing_well, uniq_ijyb
D:4:      layout_gridville, minmay_temple_entry_statues_fountains,
          grunt_ministairs_13, minmay_misc_feat_chi
D:5:      layout_rooms, nicolae_overflow_quartered_altars
D:6:      layout_rooms, grunt_temple_overflow_growth_and_decay, serial_shops,
          shop, lightli_ossuary_entry_decrepit_ruins
D:7:      layout_loops_corners, mainiacjoe_overflow_tiny_flanked, serial_bayou,
          serial_bayou_pond_c, serial_bayou_pond_a, serial_bayou_ford_a,
          serial_bayou_pond_e, serial_bayou_crossing, serial_bayou_pond_c,
          minmay_misc_feat_more_columns
D:8:      layout_basic
D:9:      layout_roguey, okawaru_metal_pillars_3, lair_entry_dummy,
          nicolae_shop_self_help, uniq_maggie
D:10:     layout_rooms, slow_altar_2, amcnicky_altar_gilded,
          kennysheep_mini_moat, hangedman_ranch
Lair:1:   layout_roguey, serial_bayou_pond_b, serial_bayou_shore_b
Lair:2:   layout_cave_pods, grunt_forest_small_clearing_treed,
          infiniplex_staircase_pool, grunt_megastairs_3
Lair:3:   layout_roguey, skrybe_swamp_entry_bodies,
          hellmonk_spider_entry_not_the_bees, uniq_kirke

Skill      XL: |  1  2  3  4  5  6  7  8  9 10 11 12 |
---------------+-------------------------------------+-----
Fighting       | 2 3 4 5 6 7 8 9 |  9.6
Dodging        | 3 4 5 6 7 9 |  9.8
Unarmed Combat | 4 5 6 7 8 9 10 | 10.0
Shapeshifting  | 4 5 6 8 9 11 12 | 12.1

Action                     |  1- 3 |  4- 6 |  7- 9 | 10-12 || total
---------------------------+-------+-------+-------+-------++-------
  Melee: Unarmed           |    73 |    58 |   196 |   294 ||   621
         Constrict         |    20 |    13 |    60 |    55 ||   148
         Tentacles         |     9 |    15 |    46 |    76 ||   146
         Punch             |     3 |     3 |     3 |    21 ||    30
         Kick              |       |       |    85 |   112 ||   197
         Pseudopods        |       |       |    62 |    28 ||    90
 Invoke: Oozemancy         |       |       |       |     1 ||     1
         Slimify           |       |       |       |     1 ||     1
  Evoke: Wand              |       |     2 |     2 |       ||     4
    Use: Scroll            |       |     3 |       |     9 ||    12
         Potion            |       |       |       |     1 ||     1
   Stab: Sleeping          |     6 |     3 |     5 |     7 ||    21
         Confused          |       |       |     1 |     1 ||     2
 Armour: Skin              |    26 |    21 |    78 |   167 ||   292
  Dodge: Dodged            |    33 |    13 |    86 |   249 ||   381
  Block: Other             |    14 |    10 |    25 |    54 ||   103
         Reflection        |       |     1 |       |     3 ||     4
   Form: Blade             |       |       |       |     3 ||     3
         Serpent           |       |       |       |     2 ||     2

Table legend: (Time is in decaauts)
 A = Elapsed time spent in this place.
 B = Non-inter-level travel time spent in this place.
 C = Inter-level travel time spent in this place.
 D = Time resting spent in this place.
 E = Time spent auto-exploring this place.
 F = Levels seen in this place.
 G = Mean time per level.
                   A        B        C        D        E       F      G
               +--------+--------+--------+--------+--------+-----+--------+
         Total |   8596 |   8192 |    404 |    275 |   5310 |  14 |  614.0 |
       Dungeon |   6229 |   5888 |    341 |    119 |   4101 |  10 |  622.9 |
          Lair |   2116 |   2054 |     62 |     50 |   1209 |   3 |  705.3 |
       Ossuary |    249 |    249 |      0 |    106 |      0 |   1 |  249.0 |
               +--------+--------+--------+--------+--------+-----+--------+

Top non-repeatable levels by time:
     D:7: 968 daAuts
  Lair:2: 944 daAuts
  Lair:1: 818 daAuts
     D:4: 779 daAuts
     D:5: 681 daAuts
    D:10: 626 daAuts
     D:9: 621 daAuts
     D:8: 618 daAuts
     D:3: 550 daAuts
     D:1: 499 daAuts
     D:6: 473 daAuts
     D:2: 409 daAuts
  Lair:3: 354 daAuts
 Ossuary: 249 daAuts

Table legend:
 A = Kills in this place as a percentage of kills in the entire game.
 B = Kills by you in this place as a percentage of kills by you in the entire game.
 C = Kills by friends in this place as a percentage of kills by friends in the entire game.
 D = Other kills in this place as a percentage of other kills in the entire game.
 E = Experience gained in this place as a percentage of experience gained in the entire game.
 F = Experience gained in this place divided by the number of levels of this place that you have seen.
                   A       B       C       D       E      F
               +-------+-------+-------+-------+-------+----------------------
         Total | 100.0 | 100.0 | 100.0 |   N/A | 100.0 | 2010.3
       Dungeon |  59.8 |  59.4 |  70.0 |   N/A |  30.9 | 870.5
          Lair |  29.3 |  29.7 |  20.0 |   N/A |  67.3 | 6316.3
       Ossuary |  10.8 |  10.9 |  10.0 |   N/A |   1.7 | 490.0
               +-------+-------+-------+-------+-------+----------------------
